 Dungeon Crawl Stone Soup version 0.27-a0-1188-g73eefd5def (webtiles) character file.

Game seed: 15722312716148364874

657 Essalna the Skirmisher (level 7, 0/54 HPs)
             Began as a Djinni Venom Mage on May 22, 2021.
             Shot with an arrow by a centaur (8 damage)
             ... on level 5 of the Dungeon.
             The game lasted 00:10:29 (7791 turns).

Essalna the Skirmisher (Djinni Venom Mage)          Turns: 7791, Time: 00:10:29

Health: 0/54       AC:  4    Str:  7    XL:     7   Next: 85%
Gold:   224        EV: 12    Int: 19    God:
                   SH:  0    Dex: 13

rFire    + + .     SeeInvis .   f - +1 dagger (vamp)
rCold    x . .     Faith    .   (no shield)
rNeg     . . .     Spirit   .   a - +0 robe
rPois    ∞         Reflect  .   b - +1 helmet
rElec    .         Harm     .   (no cloak)
rCorr    .         Rampage  .   (no gloves)
Will     .....                  (boots unavailable)
Stlth    ++........             (no amulet)
HPRegen  0.18/turn              (no ring)
MPRegen  0.00/turn              (no ring)

@: flying
A: sickness immunity, fire resistance 2, cold vulnerability 1, float, innate
caster, hp casting, extra vitality 1
a: no special abilities


You were on level 5 of the Dungeon.
You visited 1 branch of the dungeon, and saw 6 of its levels.

You collected 224 gold pieces.

Inventory:

Hand Weapons
 f - a +1 vampiric dagger (weapon)
Missiles
 j - 2 throwing nets
Armour
 a - a +0 robe (worn)
 b - a +1 helmet (worn)
Magical Staves
 k - a staff of earth
Jewellery
 g - a ring of protection from fire
Scrolls
 c - 2 scrolls of identify
Potions
 d - a potion of berserk rage
 e - a potion of ambrosia {unknown}
 h - a potion of haste {unknown}
 i - a potion of degeneration {unknown}
 l - a potion of lignification
 n - a potion of heal wounds
 p - a potion of curing


   Skills:
 + Level 5.4 Fighting
 - Level 2.1 Dodging
 - Level 1.5 Stealth
 + Level 4.9 Spellcasting


You couldn't memorise any spells.
You knew the following spells:

 Your Spells              Type           Power      Damage    Failure   Level
a - Sting                 Tmut/Pois      92%        1d7       1%          1
b - Poisonous Vapours     Pois/Air       46%        N/A       2%          2
c - Mephitic Cloud        Conj/Pois/Air  23%        N/A       4%          3
d - Ignite Poison         Fire/Tmut/Pois 23%        N/A       4%          3
e - Olgreb's Toxic Radia  Pois           23%        N/A       16%         4
f - Freeze                Ice            92%        1d10      1%          1
g - Call Imp              Summ           23%        N/A       2%          2
h - Wereblood             Tmut           23%        N/A       2%          2
Your spell library was empty.

Dungeon Overview and Level Annotations

Branches:
Dungeon (6/15)             Temple (0/1) D:5

Altars:
Okawaru


Innate Abilities, Weirdness & Mutations

You are immune to sickness and miasma.
You are immune to poison.
Your flesh is very heat resistant. (rF++)
You are vulnerable to cold. (rC-)
You float through the air rather than walking.
You learn spells naturally, not from books.
Your magical power is your life essence.
You have superior vitality. (+4 HP)


Message History

The jelly hits you.
You are splashed with acid!
Your iron imp hits the jelly!
Your iron imp is burned by acid!
Your crimson imp hits the jelly.
Your crimson imp is burned by acid!
Your crimson imp hits the jelly.
Your crimson imp is burned by acid!
The jelly hits your iron imp.
Your iron imp is splashed with acid.
The acid corrodes your iron imp!
Your iron imp dies!
Your crimson imp blinks!
The jelly quivers.
Your crimson imp hits the jelly.
The jelly dies!
A centaur is nearby!
A centaur is nearby!
Casting: Call Imp (safe; 2% risk of failure)
Confirm with . or Enter, or press ? or * to list all spells.
A beastly little devil appears in a puff of frigid air.
Casting: Call Imp (safe; 2% risk of failure)
Confirm with . or Enter, or press ? or * to list all spells.
A metallic apparition takes form in the air.
The centaur shoots an arrow.
The arrow hits your crimson imp!
The centaur shoots an arrow.
The arrow hits your crimson imp!
Your crimson imp dies!
Your white imp gestures at the centaur.
The puff of frost hits the centaur.
Casting: Call Imp (safe; 2% risk of failure)
Confirm with . or Enter, or press ? or * to list all spells.
A beastly little devil appears in a puff of flame.
The centaur shoots an arrow.
The arrow hits you!
* * * LOW HITPOINT WARNING * * *
Your crimson imp blinks!
Casting: Call Imp (safe; 2% risk of failure)
Confirm with . or Enter, or press ? or * to list all spells.
A beastly little devil appears in a puff of flame.
* * * LOW HITPOINT WARNING * * *
Your white imp disappears in a puff of smoke!
The centaur shoots an arrow.
The arrow closely misses you.
The centaur shoots an arrow.
The arrow hits you!
You die...

.#......# ####.######
.#......#######.....#
.#......##..........#
##......##..........####
#......##.............
#.#.##.##...........#..
#.#[##.##...........# #
#.#.##.##.....55§...#
####.##.......#.@.55.#
.# #.#####.......###.#
.# #.# #...§...# .# .#
#.#####.......#
.###......c......+
....######.......# 5####
#.......#
....................
####################


You could see a centaur (ally target), a friendly iron imp (summoned, expiring)
and 3 friendly crimson imps.

Vanquished Creatures
  A black bear (D:5)
  An ogre (D:5)
  A sky beast (D:6)
  2 hounds
  4 orc wizards
  A howler monkey zombie (D:6)
  2 adders
  A shadow imp (D:5)
  2 dart slugs
  10 orcs
  5 endoplasms
  4 giant cockroaches
  4 goblins (D:4)
  7 hobgoblins
  3 jackals (D:3)
  6 kobolds
  6 quokkas
  5 ball pythons
  5 bats
  2 frilled lizards (D:1)
  2 rats (D:1)
74 creatures vanquished.

Vanquished Creatures (collateral kills)
  A wyvern skeleton (D:5)
  2 jellies (D:5)
  A water moccasin skeleton (D:5)
  A killer bee zombie (D:5)
5 creatures vanquished.

Vanquished Creatures (others)
  5 plants (D:4)
5 creatures vanquished.

Grand Total: 84 creatures vanquished

Notes
Turn   | Place    | Note
-------+----------+-------------------------------------------
     0 | D:1      | Essalna the Djinni Venom Mage began the quest for the Orb.
     0 | D:1      | Reached XP level 1. HP: 15/15 MP: 0/0
   363 | D:1      | Reached XP level 2. HP: 9/22 MP: 0/0
   567 | D:1      | Reached skill level 1 in Fighting
  1302 | D:1      | Reached XP level 3. HP: 25/27 MP: 0/0
  1302 | D:1      | Learned a level 1 spell: Freeze
  1884 | D:2      | Reached skill level 2 in Fighting
  2548 | D:2      | Found a faded altar of an unknown god.
  2660 | D:2      | Reached XP level 4. HP: 28/33 MP: 0/0
  3700 | D:3      | Reached XP level 5. HP: 25/40 MP: 0/0
  3700 | D:3      | Learned a level 2 spell: Call Imp
  3719 | D:3      | Reached skill level 3 in Fighting
  5056 | D:4      | Found an iron altar of Okawaru.
  5481 | D:5      | Entered Level 5 of the Dungeon
  5839 | D:5      | Found a staircase to the Ecumenical Temple.
  5863 | D:5      | Reached XP level 6. HP: 3/47 MP: 0/0
  6316 | D:6      | Reached skill level 4 in Fighting
  6620 | D:6      | Noticed a sky beast
  6625 | D:6      | Killed a sky beast
  6718 | D:6      | Reached XP level 7. HP: 38/53 MP: 0/0
  6718 | D:6      | Learned a level 2 spell: Wereblood
  7216 | D:5      | Reached skill level 5 in Fighting
  7791 | D:5      | Shot with an arrow by a centaur

Illustrated notes

Levels and vault maps discovered:
D:1:      amcnicky_arrival_underground_garden, layout_loops_corners,
          serial_glass, glass_columns_a, glass_columns_c
D:2:      layout_loops_corners, hellmonk_ecumenical_altar_crossroads,
          minmay_crystal_water
D:3:      layout_basic
D:4:      corexii_shack_village, layout_loops_ring, okawaru_metal_pillars_1_2
D:5:      layout_basic, temple_statues, moated_statue, grunt_tough_drop
D:6:      layout_basic

Skill      XL: |  1  2  3  4  5  6  7 |
---------------+----------------------+-----
Fighting       | 1 2 3 4 5 |  5.4
Spellcasting   | 3 4 |  4.9
Dodging        | |  2.1
Stealth        | |  1.5

Action                   |  1- 3 |  4- 6 |  7- 9 || total
-------------------------+-------+-------+-------++-------
Melee: Unarmed           |     4 |    48 |       ||    52
       Dagger            |       |    20 |     4 ||    24
 Cast: Sting             |    56 |    34 |    12 ||   102
       Poisonous Vapours |    14 |    43 |    20 ||    77
       Call Imp          |       |     8 |    22 ||    30
  Use: Scroll            |       |    13 |     1 ||    14
Armor: Robe              |     5 |    29 |    15 ||    49
Dodge: Dodged            |    16 |    65 |    24 ||   105

Table legend: (Time is in decaauts)
 A = Elapsed time spent in this place.
 B = Non-inter-level travel time spent in this place.
 C = Inter-level travel time spent in this place.
 D = Time resting spent in this place.
 E = Time spent auto-exploring this place.
 F = Levels seen in this place.
 G = Mean time per level.
                   A        B        C        D        E       F      G
               +--------+--------+--------+--------+--------+-----+--------+
         Total |   7791 |   7645 |    146 |    305 |   6679 |   6 | 1298.5 |
       Dungeon |   7791 |   7645 |    146 |    305 |   6679 |   6 | 1298.5 |
               +--------+--------+--------+--------+--------+-----+--------+

Top non-repeatable levels by time:
     D:1: 1669 daAuts
     D:2: 1438 daAuts
     D:3: 1429 daAuts
     D:5: 1156 daAuts
     D:4: 1148 daAuts
     D:6: 949 daAuts
